 Dungeon Crawl Stone Soup version 0.26.1-11-gd32895ea62 (webtiles) character file.

Game seed: 4010834979279285718

919 GenialerGandalf the Cleaver (level 8, -3/68 HPs)
             Began as a Hill Orc Fighter on Apr 27, 2021.
             Was an Initiate of Beogh.
             Killed by nerve-wracking pain
             ... invoked by an orc priest
              (10 damage)
             ... on level 5 of the Dungeon.
             The game lasted 00:12:10 (5566 turns).

GenialerGandalf the Cleaver (Hill Orc Fighter)      Turns: 5566, Time: 00:12:10

Health: -3/68      AC: 10    Str: 21    XL:     8   Next: 9%
Magic:  8/8        EV:  8    Int:  8    God:    Beogh [......]
Gold:   184        SH: 10    Dex: 10    Spells: 7/7 levels left

rFire    . . .     SeeInvis .   a - +0 war axe
rCold    . . .     Faith    .   c - +0 kite shield
rNeg     . . .     Spirit   .   q - +2 scale mail {rPois}
rPois    +         Reflect  .   (no helmet)
rElec    .         Harm     .   (no cloak)
rCorr    .         Rampage  .   p - +0 pair of gloves
Will     .....                  (no boots)
Stlth    ..........             (no amulet)
HPRegen  0.21/turn              (no ring)
MPRegen  0.11/turn              (no ring)

@: no status effects
A: no striking features
a: Renounce Religion


You were on level 5 of the Dungeon.
You worshipped Beogh.
Beogh was noncommittal.
You visited 1 branch of the dungeon, and saw 5 of its levels.

You collected 184 gold pieces.

Inventory:

Hand Weapons
 a - a +0 war axe (weapon)
Armour
 b - a +0 scale mail
 c - a +0 kite shield (worn)
 j - a +0 plate armour
 p - a +0 pair of gloves (worn)
 q - a +2 scale mail of poison resistance (worn)
Jewellery
 o - an uncursed ring of protection from fire
 v - a cursed ring of teleportation
Wands
 g - a wand of flame (14)
Scrolls
 d - a scroll of immolation {unknown}
 k - 5 scrolls of teleportation
 n - 3 scrolls of blinking
 r - 2 scrolls of remove curse {unknown}
 s - a scroll of noise {unknown}
 x - 3 scrolls of enchant armour {unknown}
 y - a scroll of enchant weapon {unknown}
Potions
 e - 2 potions of degeneration {unknown}
 f - 2 potions of flight {unknown}
 i - 3 potions of heal wounds {unknown}
 l - 3 potions of mutation {unknown}
 m - 3 potions of curing {unknown}
 t - a potion of brilliance {unknown}
 u - a potion of resistance {unknown}
 w - a potion of berserk rage {unknown}


   Skills:
 + Level 5.1 Fighting
 + Level 8.2 Axes
 + Level 5.4 Armour
 + Level 0.6 Dodging
 + Level 0.2 Stealth
 + Level 5.6 Shields


You had 7 spell levels left.
You didn't know any spells.
Your spell library was empty.

Dungeon Overview and Level Annotations

Branches:
Dungeon (5/15)
 Temple: D:4-7

Altars:
Cheibriados
Wu Jian


Message History

The gnoll shouts!
A gnoll comes into view. It is wielding a +0 halberd.
An orc comes into view. It is wielding a +0 dagger.
A gnoll comes into view. It is wielding a +0 club.
The orc priest zaps a wand.
You struggle to resist.
The orc priest zaps a wand.
You are blasted!
The orc priest zaps a wand.
You are blasted!
* * * LOW HITPOINT WARNING * * *
The orc priest calls down the wrath of Beogh upon you.
Beogh smites you!
* * * LOW HITPOINT WARNING * * *
As you read the scroll of fear, it crumbles to dust.
You assume a fearsome visage.
The gnoll looks frightened! x3
The orc looks frightened! x2
The orc priest resists with some effort.
Unknown command.
The orc priest calls down the wrath of Beogh upon you.
Pain shoots through your body!
You die...
Beogh appreciates the orc priest's killing of a heretic priest.

..###.#.....go......# ...
..#.....##............### .. ..
.............g..g.......##.#....
.....................##.........
........)......oo...............
.............[..................
.......................##.......
........................#......#
...............@.##............#
..........#......#...#..#..#....
#..##.#..##.........##..#### #..
. ##.#..##.......รท.##.##### ..
#.................#.#...##.#. #
#.##....#..................#.
...#.##....#...............#<...
#..........#............####....
........................>#......


You could see an orc priest, 2 gnolls and an orc (fleeing).

Vanquished Creatures
  Sigmund (D:2)
  Duvessa (D:4)
  An ice beast (D:5)
  An ogre (D:5)
  Dowan (D:4)
  A bullfrog zombie (D:5)
  A hound (D:4)
  An orc wizard (D:4)
  A worker ant (D:4)
  Robin (D:2)
  A howler monkey zombie (D:5)
  A worker ant zombie (D:5)
  4 gnolls (D:2)
  11 adders
  A shadow imp (D:5)
  A white imp (D:5)
  3 worms
  A dart slug (D:3)
  3 leopard geckos
  15 orcs
  10 bats
  4 giant cockroaches
  19 goblins
  8 hobgoblins
  6 jackals
  2 quokkas
  2 ball pythons
  6 frilled lizards
  11 kobolds
  A leopard gecko zombie (D:5)
  9 rats
129 creatures vanquished.

Vanquished Creatures (others)
  2 orc priests (D:5)
  2 orcs (D:5)
  8 plants (D:2)
12 creatures vanquished.

Grand Total: 141 creatures vanquished

Notes
Turn   | Place    | Note
-------+----------+-------------------------------------------
     0 | D:1      | GenialerGandalf the Hill Orc Fighter began the quest for
                  | the Orb.
     0 | D:1      | Reached XP level 1. HP: 19/19 MP: 1/1
   208 | D:1      | Reached skill level 3 in Axes
   208 | D:1      | Reached XP level 2. HP: 27/27 MP: 2/2
   502 | D:1      | Reached XP level 3. HP: 33/33 MP: 3/3
  1034 | D:2      | Noticed Robin
  1036 | D:2      | Noticed Sigmund
  1384 | D:2      | Reached XP level 4. HP: 39/40 MP: 4/4
  1516 | D:2      | Reached skill level 4 in Axes
  1531 | D:2      | Killed Robin
  1532 | D:2      | Reached XP level 5. HP: 23/47 MP: 5/5
  2039 | D:2      | Killed Sigmund
  2040 | D:2      | Reached skill level 5 in Axes
  2040 | D:2      | Reached XP level 6. HP: 28/53 MP: 6/6
  2410 | D:2      | Found a faded altar of an unknown god.
  2741 | D:3      | Found a snail-covered altar of Cheibriados.
  3743 | D:4      | Reached skill level 6 in Axes
  3780 | D:4      | Noticed Duvessa
  3782 | D:4      | Noticed Dowan
  3791 | D:4      | Killed Duvessa
  3792 | D:4      | Reached skill level 7 in Axes
  3792 | D:4      | Reached XP level 7. HP: 48/60 MP: 7/7
  4303 | D:4      | Killed Dowan
  4478 | D:4      | Reached skill level 5 in Shields
  4540 | D:4      | Found an ornate altar of the Wu Jian Council.
  5048 | D:5      | Entered Level 5 of the Dungeon
  5096 | D:5      | Reached skill level 5 in Armour
  5215 | D:5      | Became a worshipper of Beogh the Brigand
  5260 | D:5      | Reached skill level 5 in Fighting
  5277 | D:5      | Reached skill level 8 in Axes
  5432 | D:5      | Reached XP level 8. HP: 45/68 MP: 8/8
  5566 | D:5      | Killed from afar by an orc priest

Illustrated notes

Levels and vault maps discovered:
D:1:      elethiomel_arrival_shortcut, layout_loops_ring, st_stairs_5
D:2:      layout_basic, chequers_ecumenical_altar_lobes, uniq_robin,
          uniq_sigmund
D:3:      layout_basic, cheibriados_altar_1
D:4:      layout_loops_ring, nzn_wu_jian_contemplation, serial_forest,
          infiniplex_forest_clump_tiny, infiniplex_forest_join,
          infiniplex_forest_lined_room_, infiniplex_forest_lined_2,
          infiniplex_forest_straight_5, minmay_splitting_lines,
          minmay_fractal_squares_5, uniq_duvessa
D:5:      layout_cave_pools, lemuel_coloured_pillars_altar, temple_hall,
          serial_shops, nicolae_shop_statue_plus

Skill      XL: |  1  2  3  4  5  6  7 |
---------------+----------------------+-----
Axes           | 3 4 5 7 8 |  8.2
Fighting       | 4 5 |  5.1
Armour         | 4 5 |  5.4
Shields        | 4 5 |  5.6
Dodging        | |  0.6
Stealth        | |  0.2

Action                   |  1- 3 |  4- 6 |  7- 9 || total
-------------------------+-------+-------+-------++-------
Melee: War axe           |   109 |   180 |   126 ||   415
Invok: Convert to Beogh  |       |       |     1 ||     1
  Use: Potion            |       |     2 |       ||     2
       Scroll            |       |       |     7 ||     7
Armor: Scale mail        |    38 |       |    38 ||    76
       Plate armour      |    37 |   158 |    14 ||   209
Dodge: Dodged            |    39 |    32 |    43 ||   114
Block: Kite shield       |    68 |   118 |    74 ||   260
